 Dungeon Crawl Stone Soup version 0.22-a0-456-g11ed031 (webtiles) character file.

464 n0claF the Chopper (level 6, -1/48 HPs)
             Began as a Demonspawn Abyssal Knight on June 6, 2018.
             Was a Priest of Lugonu.
             Succumbed to kobold's curare-tipped needle
             ... in a sewer.
             The game lasted 00:18:37 (3300 turns).

n0claF the Chopper (Demonspawn Abyssal Knight)      Turns: 3300, Time: 00:18:37

Health: -1/48      AC:  8    Str: 15    XL:     6   Next: 80%
Magic:  8/8        EV: 11    Int: 13    God:    Lugonu [***...]
Gold:   68         SH:  0    Dex: 12    Spells: 5/5 levels left

rFire    . . .     SeeInvis .   a - +1 hand axe
rCold    . . .     Gourm    .   (no shield)
rNeg     . . .     Faith    .   f - +0 ring mail
rPois    .         Spirit   .   (helmet restricted)
rElec    .         Reflect  .   (no cloak)
rCorr    .         Harm     .   e - +0 pair of gloves
MR       .....                  p - +0 pair of boots
Stlth    +.........             (no amulet)
HPRegen  0.16/turn              (no ring)
MPRegen  0.11/turn              (no ring)

@: lethally poisoned (-1 -> -31), slowed, very slow
A: antennae 1, demonic guardian 1
a: Depart the Abyss, Bend Space, Banish, Renounce Religion


You were in a sewer.
You worshipped Lugonu.
Lugonu was most pleased with you.
You were not hungry.

You visited 1 branch of the dungeon, and saw 3 of its levels.
You visited the Abyss 1 time.
You also visited: Sewer.

You collected 68 gold pieces.

Inventory:

Hand Weapons
 a - a +1 hand axe (weapon)
Armour
 b - a +0 leather armour
 e - a +0 pair of gloves (worn)
 f - a +0 ring mail (worn)
 p - a +0 pair of boots (worn)
Jewellery
 o - a +4 ring of intelligence {unknown}
Scrolls
 i - a scroll of teleportation {unknown}
 j - 2 scrolls of magic mapping {unknown}
 k - 2 scrolls of identify {unknown}
 l - a scroll of immolation {unknown}
 n - a scroll of noise {unknown}
 q - a scroll of enchant armour {unknown}
 t - 2 scrolls of blinking {unknown}
 u - a scroll of remove curse {unknown}
Potions
 d - 2 potions of haste {unknown}
 g - 3 potions of heal wounds {unknown}
 h - 2 potions of brilliance {unknown}
 m - a potion of lignification {unknown}
 r - a potion of might {unknown}
 s - a potion of agility {unknown}
Comestibles
 c - 5 rations
 v - 2 chunks of flesh


   Skills:
 + Level 4.0 Fighting
 + Level 4.3 Axes
 + Level 3.6 Armour
 + Level 2.1 Dodging
 * Level 3.8 Invocations


You had 5 spell levels left.
You didn't know any spells.
Your spell library was empty.

Dungeon Overview and Level Annotations

Branches:
Dungeon (3/15)

Altars:
Nemelex Xobeh


Innate Abilities, Weirdness & Mutations

You have a pair of small antennae on your head.
A weak demonic guardian rushes to your aid.


Message History

You are too injured to fight recklessly!
You feel very sick.
The kobold shoots a curare-tipped needle.
The curare-tipped needle hits you.
You are more poisoned.
You have difficulty breathing.
* * * LOW HITPOINT WARNING * * *
You feel as though you will be slow longer.
You hear a splash.
You see here a curare-tipped needle.
* * * LOW HITPOINT WARNING * * *
You feel extremely sick.
The kobold unwields an uncursed blowgun.
The kobold hits you but does no damage. The kobold barely misses you.
Your unstable footing causes you to fumble your attack.
* * * LOW HITPOINT WARNING * * *
You feel very sick.
The kobold splashes around in the water. x2
Your unstable footing causes you to fumble your attack.
You die...

≈# #≈# (###≈# )(≈≈≈#
#≈≈≈## #≈≈≈# #.≈≈#
#≈≈.# ≈..(# #######
≈≈≈.# #####(@K≈.#
...########≈((≈≈#####
.####.≈≈.≈≈≈###≈≈≈≈?#
## #.≈≈≈≈.≈≈# #######
####.≈≈..≈≈≈###≈≈≈≈.#
≈##≈≈..####.≈≈.≈#####
.≈.≈≈≈## #####.≈≈≈.#
.≈.≈≈## #######
..≈.≈#


You could see a kobold.

Vanquished Creatures
  The ghost of ThisFiasco the Sneak, an amateur SpEn of Okawaru (D:3)
  2 big kobolds (Sewer)
  A hound zombie (D:2)
  4 adders (D:2)
  A river rat (D:3)
  2 oozes (Sewer)
  6 worms
  A dart slug (D:1)
  3 leopard geckos (D:1)
  2 ball pythons
  2 giant cockroaches (D:2)
  3 goblins
  6 hobgoblins
  8 jackals
  13 kobolds
  8 bats
  6 frilled lizards
  8 rats
77 creatures vanquished.

Vanquished Creatures (collateral kills)
  2 big kobolds (Sewer)
  Jessica (D:2)
  An adder (Sewer)
  A worm (Sewer)
  A rat (Sewer)
6 creatures vanquished.

Grand Total: 83 creatures vanquished

Notes
Turn   | Place    | Note
-------+----------+-------------------------------------------
     0 | Abyss:1  | n0claF the Demonspawn Abyssal Knight began the quest for the Orb.
     0 | Abyss:1  | Reached XP level 1. HP: 18/18 MP: 2/2
     2 | Abyss:1  | Found a corrupted altar of Lugonu.
     9 | D:1      | Escaped the Abyss
    76 | D:1      | Gained mutation: You have a pair of small antennae on your head. [demonic ancestry]
    76 | D:1      | Reached XP level 2. HP: 15/24 MP: 3/3
   327 | D:1      | Reached ** piety under Lugonu
   429 | D:1      | Reached XP level 3. HP: 16/29 MP: 4/4
   433 | D:1      | Reached skill level 1 in Dodging
  1265 | D:2      | Gained mutation: A weak demonic guardian rushes to your aid. [demonic ancestry]
  1265 | D:2      | Reached XP level 4. HP: 28/36 MP: 5/5
  1439 | D:2      | Found a sparkling altar of Nemelex Xobeh.
  1439 | D:2      | Noticed Jessica
  1441 | D:2      | Killed Jessica
  2076 | D:3      | Noticed ThisFiasco's ghost (amateur SpEn)
  2108 | D:3      | Killed ThisFiasco's ghost
  2108 | D:3      | Reached XP level 5. HP: 39/42 MP: 5/7
  2342 | D:3      | Found a glowing drain.
  2363 | Sewer    | Entered a sewer
  2660 | Sewer    | Reached *** piety under Lugonu
  2667 | Sewer    | Reached XP level 6. HP: 44/48 MP: 8/8
  3299 | Sewer    | HP: 2/48 [poisoned by kobold (curare-tipped needle)]
  3300 | Sewer    | Succumbed to kobold's curare-tipped needle

Vault maps used:
D:1:      dpeg_arrival_tiny_i
D:2:      hangedman_decor_riveting, nemelex_lonely_heart_becter, uniq_jessica
D:3:      marbit_many_paths, cheibrodos_sewer_entry_sluice,
          nicolae_ru_awakened_eye, uniq_crazy_yiuf_cottage
Sewer:    sewer_co_tree

Skill      XL: |  1  2  3  4  5  6 |
---------------+-------------------+-----
Axes           | 2 3 4 |  4.3
Armour         | 2 3 |  3.6
Dodging        | 1 2 |  2.1
Invocations    | 3 |  3.8
Fighting       | 4 |  4.0

Action                   |  1- 3 |  4- 6 || total
-------------------------+-------+-------++-------
Melee: Hand axe          |    95 |   246 ||   341
  Eat: Chunk             |       |     5 ||     5
       Ration            |       |     1 ||     1
Armor: Leather armour    |     4 |       ||     4
       Ring mail         |    37 |    99 ||   136
Dodge: Dodged            |    69 |   134 ||   203

Table legend:
 A = Spawn XP
 B = Non-spawn XP
 C = Spawn XP percentage of total XP
 D = Spawn monster count
 E = Non-spawn monster count
 F = Spawn count percentage of total count
 G = Total turns spent on level
                    A         B        C        D         E        F      G
               +---------+---------+-------+---------+---------+-------+---------
         Total |       0 |     663 |   0.0 |       0 |      83 |   0.0 |  3300
               +---------+---------+-------+---------+---------+-------+---------
           D:1 |       0 |      56 |   0.0 |       0 |      32 |   0.0 |  1140
           D:2 |       0 |     126 |   0.0 |       0 |      23 |   0.0 |   924
           D:3 |       0 |     106 |   0.0 |       0 |       5 |   0.0 |   290
         Sewer |       0 |     375 |   0.0 |       0 |      23 |   0.0 |   937
               +---------+---------+-------+---------+---------+-------+---------
